AoeStats
← tigremaster

African Clearing

510384893Analyzed
4v4 RM · 1d ago on Sep 30, 2026· 59m 21s· 8 players
Game mode
Random Map
Map size
Large (8 player)
Population
200
Speed
Normal
Resources
Standard
Victory
Conquest
Starting age
Dark Age
Ending age
Imperial Age
RankedLock teamsTeams togetherTeam positionsShared explorationLock speedFull tech treeHidden civsTurbo modeCheats
Victory
Defeat
🇦🇷 Khmer · Argentina
1282
+16
🇦🇷 Aztecs · Argentina
1241
+18
🇦🇷 Turks · Argentina
1151
+22
🇦🇷 Cumans · Argentina
1066
+25
🇲🇽 Mongols · Mexico
1312
-21
🇦🇷 Spanish · Argentina
1267
-20
🇲🇽 Aztecs · Mexico
1267
-20
🇫🇷 Huns · France
1262
-20
Yoalliperro
12:41 Feudal Age
11:53 Loom
13:21 Double-Bit Axe
16:51 Forging
21:28 Castle Age
26:58 Fishing Lines
27:22 Eagle Warrior
29:04 Scale Mail Armor
32:19 Wheelbarrow
33:28 Pikeman
36:02 Fletching
37:39 Hand Cart
42:57 Imperial Age
40:27 Gillnets
40:54 Horse Collar
41:26 Bow Saw
41:07 Gold Mining
41:38 Chain Mail Armor
42:35 Gold Shaft Mining
43:10 Iron Casting
44:15 Plate Mail Armor
46:24 Blast Furnace
48:50 Garland Wars
50:05 Conscription
56:00 Squires
57:16 Gambesons
58:17 Capped Ram
Naco y Estúpido
8:29 Loom
13:59 Feudal Age
18:14 Double-Bit Axe
24:53 Castle Age
24:27 Stone Mining
24:28 Gold Mining
27:07 Fishing Lines
Kayou
7:00 Loom
13:35 Feudal Age
15:40 Double-Bit Axe
16:28 Horse Collar
19:05 Bloodlines
24:06 Castle Age
22:13 Fletching
24:00 Wheelbarrow
24:47 Bodkin Arrow
24:53 Husbandry
25:51 Bow Saw
29:04 Heavy Plow
29:31 Gold Mining
29:42 Padded Archer Armor
30:24 Ballistics
32:56 Hand Cart
36:34 Thumb Ring
41:13 Imperial Age
40:12 Scale Barding Armor
40:22 Leather Archer Armor
41:28 Chain Barding Armor
41:30 Town Watch
42:00 Forging
42:33 Parthian Tactics
42:13 Bracer
43:17 Chemistry
42:54 Conscription
42:03 Cavalier
43:54 Two-Man Saw
46:38 Stone Mining
47:28 Masonry
48:29 Plate Barding Armor
49:56 Iron Casting
50:23 Gold Shaft Mining
50:27 Heavy Cavalry Archer
52:55 Blast Furnace
52:07 Paladin
NachoRZ
10:15 Loom
12:12 Feudal Age
16:21 Castle Age
16:36 Double-Bit Axe
17:40 Town Watch
23:11 Bow Saw
25:22 Horse Collar
29:36 Wheelbarrow
35:05 Imperial Age
33:55 Hand Cart
36:09 Conscription
35:51 Padded Archer Armor
36:22 Bloodlines
37:12 Leather Archer Armor
39:29 Ring Archer Armor
41:43 Gold Mining
42:54 Two-Man Saw
41:55 Heavy Plow
41:17 Elite Conquistador
42:31 Scale Barding Armor
43:12 Cavalier
43:53 Husbandry
46:40 Forging
47:52 Chain Barding Armor
50:49 Plate Barding Armor
52:09 Iron Casting
55:13 Blast Furnace
Mauro
3:51 Loom
13:09 Feudal Age
13:27 Feudal Age
14:01 Double-Bit Axe
21:02 Horse Collar
24:35 Castle Age
51:00 Wheelbarrow
50:34 Town Watch
52:35 Heavy Plow
53:59 Fletching
54:10 Padded Archer Armor
55:20 Hand Cart
56:51 Bow Saw
Barto
13:16 Feudal Age
13:41 Loom
16:59 Castle Age
15:09 Double-Bit Axe
15:56 Loom
16:31 Gold Mining
22:16 Town Watch
24:45 Bow Saw
28:20 Wheelbarrow
30:00 Horse Collar
35:00 Imperial Age
32:49 Heavy Plow
37:28 Crop Rotation
38:02 Bloodlines
37:53 Husbandry
38:06 Husbandry
37:45 Cavalier
39:30 Forging
40:52 Scale Barding Armor
41:22 Iron Casting
46:15 Iron Casting
48:05 Chain Barding Armor
48:29 Hand Cart
47:39 Light Cavalry
49:41 Plate Barding Armor
50:07 Blast Furnace
49:59 Hussar
54:24 Gold Shaft Mining
53:40 Stone Mining
56:48 Elite Battle Elephant
kei 2026
7:19 Loom
15:05 Feudal Age
19:05 Castle Age
18:02 Double-Bit Axe
20:13 Bow Saw
20:44 Fletching
20:19 Crossbowman
23:05 Wheelbarrow
23:49 Bodkin Arrow
25:56 Padded Archer Armor
26:59 Gold Mining
27:27 Leather Archer Armor
28:00 Town Watch
29:25 Horse Collar
31:47 Hand Cart
33:33 Stone Mining
42:26 Imperial Age
40:55 Ballistics
42:17 Heavy Plow
43:00 Arbalester
43:45 Bracer
45:11 Conscription
46:38 Chemistry
48:29 Crop Rotation
48:17 Elite Skirmisher
50:14 Forging
50:33 Atlatl
52:14 Scale Mail Armor
53:51 Gold Shaft Mining
53:51 Stone Shaft Mining
53:34 Chain Mail Armor
53:11 Treadmill Crane
54:12 Iron Casting
54:17 Pikeman
54:57 Squires
54:44 Gambesons
54:44 Arson
55:36 Garland Wars
55:50 Plate Mail Armor
57:48 Blast Furnace
tigremaster
8:54 Loom
15:06 Feudal Age
15:16 Feudal Age
16:06 Double-Bit Axe
23:43 Wheelbarrow
23:27 Town Watch
24:03 Horse Collar
30:16 Castle Age
29:14 Bloodlines
31:52 Forging
33:02 Scale Barding Armor
33:04 Heavy Plow
36:10 Bow Saw
39:52 Imperial Age
37:46 Light Cavalry
39:53 Chain Barding Armor
41:39 Two-Man Saw
41:12 Crop Rotation
41:20 Plate Barding Armor
40:57 Steppe Husbandry
41:13 Hussar
43:36 Iron Casting
43:40 Scale Mail Armor
44:02 Conscription
45:58 Pikeman
47:06 Squires
50:14 Halberdier
54:45 Elite Steppe Lancer
56:36 Blast Furnace
57:24 Chain Mail Armor
57:39 Gold Mining
Connection lost

Rejoining the realm…

Still unreachable

The connection could not be restored.

Session expired

The server has moved on; the page needs a fresh start.